 Dungeon Crawl Stone Soup version 0.29.1-2-gbd0b4ee654 (webtiles) character file.

Game seed: 12382474967744722762

56 safid the Shooter (level 3, -5/33 HPs)
             Began as a Minotaur Hunter on Nov 16, 2022.
             Killed by nerve-wracking pain
             ... invoked by Grinder
              (12 damage)
             ... on level 3 of the Dungeon.
             The game lasted 00:02:29 (1519 turns).

safid the Shooter (Minotaur Hunter)                 Turns: 1519, Time: 00:02:29

Health: -5/33      AC:  7    Str: 15    XL:     3   Next: 69%
Magic:  2/2        EV: 10    Int:  6    God:
Gold:   100        SH:  0    Dex: 15    Spells: 2/2 levels left

rFire   . . .      SeeInvis .   a - +0 shortbow
rCold   . . .      Faith    .   (shield currently unavailable)
rNeg    . . .      Spirit   .   o - +0 scale mail
rPois   .          Reflect  .   c - +1 hat
rElec   .          Harm     .   (no cloak)
rCorr   .          Rampage  .   (no gloves)
Will    .....                   (no boots)
Stlth   ..........              (no amulet)
HPRegen 0.11/turn               (no ring)
MPRegen 0.08/turn               (no ring)

@: no status effects
A: horns 2, retaliatory headbutt
a: no special abilities


You were on level 3 of the Dungeon.
You visited 1 branch of the dungeon, and saw 3 of its levels.

You collected 100 gold pieces.

Inventory:

Hand Weapons
 a - a +0 shortbow (weapon)
Armour
 c - a +1 hat (worn)
 o - a +0 scale mail (worn)
Scrolls
 b - 3 scrolls of amnesia {unknown}
 g - a scroll of torment {unknown}
 i - 2 scrolls of brand weapon {unknown}
 j - a scroll of summoning {unknown}
 l - 2 scrolls of identify {unknown}
Potions
 d - a potion of heal wounds {unknown}
 e - a potion of brilliance {unknown}
 f - a potion of cancellation {unknown}
 h - a potion of curing {unknown}
 k - a potion of might {unknown}
 m - a potion of mutation {unknown}
 n - a potion of haste {unknown}


   Skills:
 + Level 3.9 Fighting
 + Level 5.2 Ranged Weapons
 - Level 2.1 Dodging
 - Level 0.7 Stealth


You had 2 spell levels left.
You didn't know any spells.
Your spell library contained the following spells:

 Spells                   Type           Power      Damage    Failure   Level
 Summon Small Mammal      Summ           0%         N/A       91%         1
 Call Canine Familiar     Summ           0%         N/A       99%         3
 Summon Guardian Golem    Hex/Summ       0%         N/A       99%         3
 Tukima's Dance           Hex            0%         N/A       99%         3
 Passage of Golubria      Tloc           0%         N/A       100%        4
 Yara's Violent Unravell  Hex/Tmut       0%         3d3       100%        5


Dungeon Overview and Level Annotations

Branches:
Dungeon (3/15)

Altars:
Ashenzari

Annotations:
D:3 Grinder


Innate Abilities, Weirdness & Mutations

You have a pair of horns on your head.
You reflexively headbutt those who attack you in melee.


Message History

You climb downwards.
Grinder shouts!
The goblin shouts!
Found a dagger.
There is a stone staircase leading up here.
There are monsters nearby!
You shoot an arrow. The arrow hits the goblin!
You kill the goblin!
Grinder gestures at you.
You suddenly lose the ability to move!
Grinder blinks!
Grinder hits you.
You writhe in agony.
You can move again.
You shoot an arrow. The arrow hits Grinder.
Grinder is lightly wounded.
Grinder hits you but does no damage. Grinder hits you.
You writhe in agony.
You shoot an arrow. The arrow hits Grinder!
Grinder is heavily wounded.
Grinder hits you but does no damage.
You shoot an arrow. The arrow hits Grinder.
Grinder is heavily wounded.
Grinder hits you.
You writhe in agony.
Grinder hits you.
* * * LOW HITPOINT WARNING * * *
You are too injured to fight recklessly!
Unknown command.
You are too injured to fight recklessly!
Fire: a) +0 shortbow
Press: ? - help, Q - select action Shift-Dir - straight line, f/p - Grinder
Aim: Grinder (heavily wounded, 58% to hit)
You shoot an arrow. The arrow closely misses Grinder.
Grinder barely misses you. You furiously retaliate!
You headbutt Grinder.
Unknown command.
Fire: a) +0 shortbow
Press: ? - help, Q - select action Shift-Dir - straight line, f/p - Grinder
Aim: Grinder (heavily wounded, 58% to hit)
You shoot an arrow. The arrow hits Grinder.
Grinder is severely wounded.
Grinder barely misses you. Grinder gestures at you.
Pain shoots through your body!
You die...

#...#
#...#
##....
#....
#...#
#...#
#...###.#.
#5@..)....
#....##.#.
####.# ...
... ..)..
#... .#.


You could see Grinder.

Vanquished Creatures
  3 dart slugs
  2 bats (D:1)
  4 endoplasms
  2 giant cockroaches
  6 goblins
  5 hobgoblins
  6 jackals (D:1)
  7 kobolds
  A quokka (D:1)
  A ball python (D:2)
  2 frilled lizards
  4 rats
43 creatures vanquished.

Notes
Turn   | Place    | Note
-------+----------+-------------------------------------------
     0 | D:1      | safid the Minotaur Hunter began the quest for the Orb.
     0 | D:1      | Reached XP level 1. HP: 18/18 MP: 0/0
    54 | D:1      | Reached XP level 2. HP: 9/25 MP: 1/1
   577 | D:1      | Reached skill level 5 in Ranged Weapons
   577 | D:1      | Reached XP level 3. HP: 31/31 MP: 2/2
   846 | D:2      | Found a broken altar of Ashenzari.
   958 | D:2      | Found a faded altar of an unknown god.
  1511 | D:3      | Noticed Grinder
  1512 | D:3      | Paralysed by Grinder for 3 turns
  1519 | D:3      | Killed from afar by Grinder

Illustrated notes

Levels and vault maps discovered:
D:1:      dpeg_arrival_arbitrary_b, layout_basic
D:2:      layout_basic, basic_altar, basic_ecumenical_altar, minmay_quantized
D:3:      layout_basic, serial_shops, nicolae_shop_statue_plus, uniq_grinder

Skill      XL: |  1  2 |
---------------+-------+-----
Fighting       | 3 |  3.9
Ranged Weapons | 5 |  5.2
Dodging        | |  2.1
Stealth        | |  0.7

Action                   || total
-------------------------++-------
 Fire: Shortbow          ||   106
Armor: Leather armour    ||    10
       Scale mail        ||     5
Dodge: Dodged            ||    37
